 Dungeon Crawl Stone Soup version 0.31.0 (webtiles) character file.

Game seed: 2726280154288386123

12239 Megalobster the Severer (level 11, -12/132 (133) HPs)
             Began as a Minotaur Berserker on Jan 19, 2024.
             Was a High Priest of Trog.
             Mangled by a komodo dragon (26 damage)
             ... on level 2 of the Lair of Beasts.
             The game lasted 00:31:06 (11540 turns).

Megalobster the Severer (Minotaur Berserker)       Turns: 11540, Time: 00:31:06

HP:   -12/132 (133) AC: 17    Str: 26    XL:     11   Next: 59%
MP:   10/10         EV: 11    Int:  4    God:    Trog [*****.]
Gold: 98            SH:  0    Dex: 16    Spells: 10/10 levels left

rFire   . . .        a - +0 broad axe (elec)
rCold   . . .        (no shield)
rNeg    . . .        F - +2 chain mail {rPois}
rPois   +            (helmet restricted)
rElec   .            (no cloak)
rCorr   .            s - +1 pair of gloves
SInv    .            E - +0 pair of boots
Will    ++...        (no amulet) Stlth
                     u - +6 ring of dexterity
HPRegen 1.42/turn    (no ring)
MPRegen 0.12/turn

%: no passive effects
@: berserking, strong-willed, regenerating, lightly drained, very quick
A: horns 2, retaliatory headbutt
a: Renounce Religion, Berserk, Trog's Hand, Brothers in Arms


You were on level 2 of the Lair of Beasts.
You worshipped Trog.
Trog was extremely pleased with you.
You visited 2 branches of the dungeon, and saw 11 of its levels.
You also visited: Ossuary and Bailey.

You collected 803 gold pieces.
You spent 705 gold pieces at shops.

Inventory:

Hand Weapons
 a - a +0 broad axe of electrocution (weapon)
 b - a +5 flail
 o - a +0 hand axe
 L - a +0 war axe
 M - a +0 battleaxe
 O - a +2 battleaxe of chaos
Missiles
 k - 5 throwing nets {!f}
 q - 127 stones (quivered)
Armour
 j - a +4 chain mail
 s - a +1 pair of gloves (worn)
 B - an orb of mayhem
 E - a +0 pair of boots (worn)
 F - a +2 chain mail of poison resistance (worn)
 K - +0 acid dragon scales
 Q - a +0 plate armour of poison resistance
 R - a +0 buckler
Jewellery
 u - a +6 ring of dexterity (left hand)
 D - a ring of ice
Talismans
 g - a blade talisman
 h - a serpent talisman
 A - a blade talisman
Wands
 r - a wand of iceblast (8)
 T - a wand of acid (5)
Scrolls
 d - 4 scrolls of teleportation
 i - 6 scrolls of fear
 l - 2 scrolls of enchant armour
 m - a scroll of brand weapon
 t - 5 scrolls of enchant weapon
 y - 3 scrolls of immolation
 N - 2 scrolls of fog
Potions
 c - 2 potions of might {unknown}
 e - 3 potions of lignification
 f - 4 potions of curing {@q1}
 n - 3 potions of invisibility
 p - 4 potions of haste
 v - a potion of ambrosia
 w - a potion of attraction {unknown}
 x - 3 potions of cancellation
 z - 2 potions of berserk rage {unknown}
 C - 3 potions of heal wounds
 G - 3 potions of resistance {unknown}
 H - 2 potions of mutation {unknown}
 I - 3 potions of brilliance
 J - 2 potions of enlightenment {unknown}


   Skills:
 + Level 5.7 Fighting
 * Level 17.3 Axes
 - Level 10.3 Armour
 + Level 4.4 Dodging
 + Level 5.6 Evocations


You had 10 spell levels left.
You didn't know any spells.
Your spell library was empty.

Dungeon Overview and Level Annotations

Branches:
Dungeon (9/15)             Temple (0/1) D:6            Lair (2/5) D:9
  Swamp (0/4) Lair:2      Ossuary (visited)          Bailey (visited)
  Snake: Lair:2-3    Spider: Lair:2-3       Orc: D:9-12

Altars:
Elyvilon
Fedhas
Gozag
Hepliaklqana
Makhleb
Okawaru
Ru
Sif Muna
Trog
Uskayaw
Vehumet
Xom
Yredelemnul
The Shining One

Shops:
D:3 *   D:6 (   D:8 (   D:9 *

Annotations:
D:5 3 runed translucent doors, dakkaduck's ghost, novice MiBe
D:9 1 runed translucent door, p0werm0de's ghost, novice MiFi


Innate Abilities, Weirdness & Mutations

You have a pair of horns on your head.
You reflexively headbutt those who attack you in melee.


Message History

The hell rat drains the black mamba.
The black mamba bites the hell rat.
The hell rat bites the black mamba!
The black mamba dies!
You feel very sick. The hell rat bites you.
You feel drained.
You see here a hell rat corpse.
You hit the hell rat.
The hell rat looks weaker.
The hell rat is moderately wounded.
You feel sick.
The hell rat bites you but does no damage.
You feel better. The komodo dragon bites you!!
* * * LOW HITPOINT WARNING * * *
The hell rat misses you.
A red film seems to cover your vision as you go berserk!
You feel yourself moving faster!
You feel mighty!
The hell rat bites you but does no damage.
The komodo dragon bites you!
* * * LOW HITPOINT WARNING * * *
You hear the crackle of electricity.
a - a +0 broad axe of electrocution (weapon)
You feel a strong urge to attack something.
The hell rat bites you but does no damage.
The four-headed hydra completely misses you.
The four-headed hydra bites you but does no damage.
The four-headed hydra bites you!
* * * LOW HITPOINT WARNING * * *
The four-headed hydra misses you.
You slash the komodo dragon!
Lightning courses through the komodo dragon!
The komodo dragon is heavily wounded.
You hit the hell rat. Lightning courses through the hell rat!
You feel the power of Trog in you as your rage grows.
You kill the hell rat!
Trog accepts your kill. Trog grants you a weapon!
Something appears at your feet!
You see here a +8 antimagic battleaxe.
You hack one of the four-headed hydra's heads off!
The three-headed hydra grows two more!
You slice the five-headed hydra!! The komodo dragon bites you!!
You die...

,,,,,,,,###P.P..#........,,,,,,,,
,,,,,,,,#.......#........,,,,,,,,
,,,,,,*,................P,,,*,,**
,*+,,,*,............>....,,,,,,,,
,,,,,,,,................#,,,,,,,,
,,,,,,,,P.......#........,,,,,,,,
,,,,,,,,P#+..#..#.......#,,,,,,,,
,,,,,,,,,.......††.......,,,,,,,,
,,,,,,,,,.......@l.......,,,,,,,,
,,*,,,,,,........D......P,,,,,,,,
,,,,,,,,,...............P,,,,,,,,
,,*,,,,,,........<.......,,,,,,,,
,,,,,,,,,...............#,,,,,,,,
,*,,,,,,,.....######.....,,,,,,,,
~~~,,****#....* *....#,,,,,*,*
~~**** ##...* *#....,,,,,,,,
~~~~~**** *,,,* **,,,,,,,,,,,,,


You could see a five-headed hydra and a komodo dragon.

Vanquished Creatures
  A catoblepas (Lair:1)
  A two-headed ogre (D:7)
  An orc sorcerer (Bailey)
  A cane toad (Lair:1)
  A gargoyle (D:6)
  A kobold demonologist (Bailey)
  A komodo dragon (D:6)
  A troll (D:9)
  A shadow (D:9)
  A wraith (D:9)
  12 yaks
  4 vampire mosquitoes (D:9)
  A steam dragon (D:7)
  2 acid dragons
  8 water moccasins
  10 orc warriors (Bailey)
  A sky beast (D:6)
  2 ice beasts
  A black bear (D:6)
  4 ogres
  2 wolves (D:9)
  A centaur (D:9)
  2 kobold brigands
  2 phantoms
  4 bullfrogs
  4 gnoll sergeants (D:9)
  6 scorpions
  4 wights (D:8)
  5 killer bees
  8 electric eels
  A howler monkey (D:6)
  3 orc priests
  3 jellies
  5 bombardier beetles
  3 gnoll boudas
  A sleepcap (D:5)
  7 hounds
  4 iguanas
  4 scorpion zombies (Ossuary)
  5 hell rats (Lair:2)
  9 orc wizards
  3 mummies (Ossuary)
  28 gnolls
  9 adders
  2 white imps
  5 ufetubi
  2 adder zombies (Ossuary)
  2 dart slugs
  4 ribbon worms
  24 orcs
  11 endoplasms
  2 giant cockroaches (D:4)
  12 goblins
  22 hobgoblins
  3 jackals
  14 kobolds
  8 quokkas
  3 training dummies (D:6)
  5 ball pythons
  6 bats
  4 gnoll zombies (Ossuary)
  3 jackal zombies (Ossuary)
  4 kobold zombies (Ossuary)
  24 rats
338 creatures vanquished.

Vanquished Creatures (others)
  A black mamba (Lair:2)
1 creature vanquished.

Grand Total: 339 creatures vanquished

Notes
Turn   | Place    | Note
-------+----------+-------------------------------------------
     0 | D:1      | Megalobster the Minotaur Berserker began the quest for the
                  | Orb.
     0 | D:1      | Reached XP level 1. HP: 19/19 MP: 0/0
   190 | D:1      | Reached skill level 4 in Axes
   214 | D:1      | Reached XP level 2. HP: 19/26 MP: 1/1
   365 | D:1      | Found a faded altar of an unknown god.
   596 | D:1      | Reached XP level 3. HP: 31/31 MP: 2/2
   875 | D:2      | Reached ** piety under Trog
  1039 | D:2      | Reached skill level 5 in Axes
  1601 | D:2      | Reached XP level 4. HP: 36/39 MP: 3/3
  1691 | D:3      | Found Ziluk's Assorted Antiques.
  1751 | D:3      | Bought a scratched bone ring for 110 gold pieces
  1776 | D:3      | Found a hazy altar of Hepliaklqana.
  2129 | D:3      | Found a sacrificial altar of Ru.
  2347 | D:3      | Reached *** piety under Trog
  2435 | D:4      | Reached skill level 6 in Axes
  2435 | D:4      | Reached XP level 5. HP: 29/45 MP: 4/4
  2663 | D:4      | Noticed an ice beast
  2667 | D:4      | Killed an ice beast
  2918 | D:4      | Noticed a phantom
  2925 | D:4      | Killed a phantom
  2926 | D:4      | Reached skill level 7 in Axes
  2926 | D:4      | Reached skill level 5 in Armour
  2926 | D:4      | Reached XP level 6. HP: 50/51 MP: 5/5
  3343 | D:5      | Entered Level 5 of the Dungeon
  3397 | D:5      | Noticed dakkaduck's ghost (novice MiBe)
  3397 | D:5      | Noticed an ice beast
  3469 | D:5      | Reached skill level 8 in Axes
  3554 | D:5      | Reached XP level 7. HP: 27/57 MP: 6/6
  3862 | D:5      | Found a sand-covered staircase.
  3870 | Ossuary  | Entered an ossuary
  4076 | Ossuary  | Reached skill level 9 in Axes
  4076 | Ossuary  | Reached **** piety under Trog
  4331 | D:5      | Found an opulent altar of Gozag.
  4331 | D:5      | Found a hide-covered altar of Uskayaw.
  4339 | D:5      | Found a basalt altar of Yredelemnul.
  4341 | D:5      | Found a shimmering blue altar of Sif Muna.
  4343 | D:5      | Found a faded altar of an unknown god.
  4393 | D:5      | Reached XP level 8. HP: 52/64 MP: 7/7
  4462 | D:5      | Found a runed translucent gate.
  4462 | D:5      | Found a runed translucent gate.
  4462 | D:5      | Found a runed translucent gate.
  4852 | D:6      | Reached skill level 10 in Axes
  4927 | D:6      | Found Laixipla's Firing Range.
  5734 | D:6      | Reached skill level 11 in Axes
  5822 | D:6      | Noticed a gargoyle
  5822 | D:6      | Noticed a komodo dragon
  5827 | D:6      | Killed a komodo dragon
  5830 | D:6      | Killed a gargoyle
  5831 | D:6      | Reached skill level 12 in Axes
  5831 | D:6      | Reached XP level 9. HP: 70/70 MP: 8/8
  6132 | D:6      | Found a staircase to the Ecumenical Temple.
  6426 | D:7      | Reached skill level 13 in Axes
  6438 | D:7      | Reached skill level 10 in Armour
  6444 | D:7      | Reached skill level 14 in Axes
  6536 | D:7      | Found a glowing golden altar of the Shining One.
  6829 | D:7      | Found a blossoming altar of Fedhas.
  6861 | D:7      | Reached XP level 10. HP: 64/77 MP: 9/9
  7528 | D:7      | Noticed a two-headed ogre
  7538 | D:7      | Reached skill level 1 in Evocations
  7571 | D:7      | Killed a two-headed ogre
  7736 | D:8      | Reached skill level 15 in Axes
  7992 | D:8      | Found a bloodstained altar of Trog.
  7992 | D:8      | Found a radiant altar of Vehumet.
  8024 | D:8      | Found Makul's Antique Weapon Boutique.
  8124 | D:8      | Found a white marble altar of Elyvilon.
  8187 | D:8      | Found a flagged portal.
  8192 | Bailey   | Entered a bailey
  8370 | Bailey   | Acquired a +0 broad axe of electrocution
  8530 | Bailey   | Found an iron altar of Okawaru.
  8673 | Bailey   | Reached ***** piety under Trog
  8702 | Bailey   | Reached skill level 16 in Axes
  9280 | Bailey   | Identified the +10 dagger "Xunkaiggoo" {drain, Fly Str+4
                  | Dex-5}
  9294 | Bailey   | Noticed an orc sorcerer
  9298 | Bailey   | Paralysed by an orc sorcerer for 5 turns
  9301 | Bailey   | Noticed an orange demon
  9308 | Bailey   | Killed an orc sorcerer
  9711 | D:8      | Found a burning altar of Makhleb.
 10119 | D:9      | Reached XP level 11. HP: 72/83 MP: 10/10
 10174 | D:9      | Found a staircase to the Lair.
 10739 | D:9      | Reached skill level 5 in Evocations
 10836 | D:9      | Found Qaogeigucw's General Store.
 10840 | D:9      | Bought a potion of cancellation for 136 gold pieces
 10840 | D:9      | Bought a +0 plate armour of poison resistance for 459 gold
                  | pieces
 10986 | D:9      | Found a runed translucent door.
 10987 | D:9      | Found a shimmering altar of Xom.
 10987 | D:9      | Noticed p0werm0de's ghost (novice MiFi)
 10988 | D:9      | Noticed a +0 flail of chaos
 11189 | D:9      | Found an iron altar of Okawaru.
 11196 | D:9      | Reached skill level 5 in Fighting
 11198 | D:9      | Reached skill level 17 in Axes
 11305 | Lair:1   | Entered Level 1 of the Lair of Beasts
 11358 | Lair:1   | Noticed a catoblepas
 11373 | Lair:1   | Killed a catoblepas
 11485 | Lair:1   | You fall into a shaft and drop 1 floor!
 11531 | Lair:2   | Noticed a four-headed hydra
 11540 | Lair:2   | Received a gift from Trog
 11540 | Lair:2   | Mangled by a komodo dragon

Illustrated notes

Levels and vault maps discovered:
D:1:      pf_arrival_petrified_forest, layout_loops_ring, basic_ecumenical_altar
D:2:      layout_loops_ring
D:3:      layout_rooms, nicolae_ru_path_of_blood, nzn_hepliaklqana_mist_gate,
          serial_shops, nicolae_shop_trees, minmay_rat_hole
D:4:      layout_loops_ring, kennysheep_another_room, roderic_serpentine_path
D:5:      layout_loops_ring, chequers_temple_overflow_minitemple,
          gammafunk_ghost_icy, lightli_ossuary_entry_decrepit_ruins,
          chequers_serial_rivers_small_3
D:6:      kennysheep_windowed_halls, layout_basic,
          minmay_temple_entry_nine_rooms, nicolae_shop_firing_range
D:7:      minmay_chambers_of_fours, layout_loops_ring, tso_metal_star,
          old_standard_altar, kennysheep_generic_room_10
D:8:      layout_cave_pools, nicolae_elyvilon_temple_path,
          nicolae_overflow_two_pavilions, old_standard_altar, enter_bailey_3,
          serial_shops, nicolae_shop_advertising_works
          [nicolae_subvault_shop_adworks]
D:9:      layout_big_octagon, hellmonk_okawaru_the_only_friend_you_need,
          lair_entry_dummy, ebering_ghost_xom, serial_gnoll_camp,
          gnoll_camp_mini_house, gnoll_camp_mini_shop, gnoll_camp_medium_01,
          gnoll_camp_huts_basic, ebering_dispersal_statue_hall
Lair:1:   gammafunk_worm_tunnel, layout_gridlike, infiniplex_staircase_pool_2
Lair:2:   layout_chaotic_city, swamp_mist, serial_bayou_lake_a

Skill      XL: |  1  2  3  4  5  6  7  8  9 10 11 |
---------------+----------------------------------+-----
Axes           | 4 5 6 7 8 9 12 14 16 17 | 17.3
Armour         | 3 4 5 6 8 10 | 10.3
Evocations     | 4 5 |  5.6
Fighting       | 5 |  5.7
Dodging        | 4 |  4.4

Action                     |  1- 3 |  4- 6 |  7- 9 | 10-12 || total
---------------------------+-------+-------+-------+-------++-------
  Melee: Hand axe          |    91 |   127 |   131 |       ||   349
         Headbutt          |    13 |    20 |    57 |    70 ||   160
         Punch             |     1 |     1 |     4 |     2 ||     8
         War axe           |       |       |   126 |   112 ||   238
         Broad axe         |       |       |       |   201 ||   201
         Battleaxe         |       |       |       |    41 ||    41
  Throw: Stone             |       |       |     2 |    26 ||    28
 Invoke: Berserk           |       |     3 |     6 |     7 ||    16
         Trog's Hand       |       |     1 |     2 |     4 ||     7
  Evoke: Wand              |       |       |       |    11 ||    11
    Use: Scroll            |     1 |     8 |     3 |    11 ||    23
         Potion            |       |       |     2 |     3 ||     5
   Stab: Distracted        |       |     1 |       |       ||     1
         Paralysed         |       |       |       |     1 ||     1
 Armour: Leather armour    |    45 |     9 |       |       ||    54
         Animal skin       |     2 |       |       |       ||     2
         Scale mail        |       |    45 |       |       ||    45
         Chain mail        |       |    15 |   170 |   343 ||   528
         Skin              |       |       |     3 |       ||     3
  Dodge: Dodged            |    49 |    42 |    88 |   166 ||   345
